 Dungeon Crawl Stone Soup version 0.21.1-1-g345015f (webtiles) character file.

536 Fang the Chopper (level 7, -1/66 HPs)
             Began as a Gargoyle Berserker on May 7, 2018.
             Was a Priest of Trog.
             Slain by a hornet zombie (9 damage)
             ... on level 4 of the Dungeon.
             The game lasted 00:03:51 (2201 turns).

Fang the Chopper (Gargoyle Berserker)               Turns: 2201, Time: 00:03:52

Health: -1/66      AC:  9    Str: 28    XL:     7   Next: 25%
Magic:  7/7        EV: 12    Int:  7    God:    Trog [***...]
Gold:   212        SH:  0    Dex:  9    Spells: 6/6 levels left

rFire    . . .     SeeInvis .   h - +2 hand axe (elec)
rCold    . . .     Gourm    .   (no shield)
rNeg     + . .     Faith    .   b - +0 animal skin
rPois    ∞         Spirit   .   s - +1 helmet
rElec    +         Reflect  .   (no cloak)
rCorr    .         Harm     .   (no gloves)
MR       .....                  (no boots)
Stlth    ..........             l - amulet of rage
HPRegen  0.21/turn              m - ring of stealth
MPRegen  0.10/turn              (no ring)

@: berserking (expiring), very quick
A: negative energy resistance 1, electricity resistance, unbreathing,
petrification resistance, rot immunity, AC +4
a: Berserk, Trog's Hand, Burn Spellbooks, Renounce Religion, Evoke Berserk Rage


You were on level 4 of the Dungeon.
You worshipped Trog.
Trog was most pleased with you.
You were very hungry.

You visited 1 branch of the dungeon, and saw 4 of its levels.
You also visited: Sewer.

You collected 212 gold pieces.

Inventory:

Hand Weapons
 h - a +2 hand axe of electrocution (weapon)
Armour
 b - a +0 animal skin (worn)
 s - a +1 helmet (worn)
Jewellery
 l - an amulet of rage (around neck)
 m - a ring of stealth (left hand)
 u - a cursed ring of loudness {unknown}
Wands
 t - a wand of flame (29)
Scrolls
 a - 2 scrolls of blinking {unknown}
 d - 2 scrolls of enchant armour {unknown}
 e - 4 scrolls of identify {unknown}
 i - a scroll of immolation {unknown}
 n - a scroll of amnesia {unknown}
 o - a scroll of remove curse {unknown}
 q - a scroll of teleportation {unknown}
Potions
 f - 3 potions of curing {unknown}
 g - a potion of ambrosia {unknown}
 j - 2 potions of invisibility {unknown}
 k - a potion of brilliance {unknown}
 p - 2 potions of flight {unknown}
 r - a potion of heal wounds {unknown}
Books
 v - a book of Maledictions

   Spells                             Type                      Level
   a - Corona                         Hexes                        1
   b - Ensorcelled Hibernation        Hexes/Ice                    2
   c - Confuse                        Hexes                        3
   d - Tukima's Dance                 Hexes                        3
   e - Dazzling Spray                 Conjuration/Hexes            3
   Trog disapproves of the use of such an item.
Comestibles
 c - 4 rations


   Skills:
 + Level 4.8 Fighting
 + Level 5.6 Axes
 + Level 2.2 Armour
 + Level 3.0 Dodging
 + Level 2.3 Stealth


You had 6 spell levels left.
You didn't know any spells.

Dungeon Overview and Level Annotations

Branches:
Dungeon (4/15)
 Temple: D:4-7

Altars:
Elyvilon
Gozag
Hepliaklqana
Nemelex Xobeh
Ru
Wu Jian
The Shining One


Innate Abilities, Weirdness & Mutations

You are resistant to torment.
Your stone body is resilient. (AC +4)
You are immune to poison.
You resist negative energy. (rN+)
You are resistant to electric shocks. (rElec)
You can survive without breathing.
You are immune to petrification.
You are immune to rotting.


Message History

* * * LOW HITPOINT WARNING * * *
The adder barely misses you.
Unknown command.
You slash the adder! Lightning courses through the adder!
You kill the adder!
Trog accepts your kill.
You closely miss the hornet zombie. The hornet zombie hits you!
* * * LOW HITPOINT WARNING * * *
Unknown command.
You slash the ogre! Lightning courses through the ogre!
The ogre is almost dead.
You slash the hornet zombie!
The hornet zombie hits you but does no damage.
Unknown command.
You slash the ogre!
You kill the ogre!
Trog accepts your kill.
Your Dodging skill increases to level 3!
You barely miss the hornet zombie. The hornet zombie hits you!
You die...

#. #.. #.###.#
< #...#.# ..
####...###
####..
#....#.>.###...
##...####..##.#
#....# ##[...#
##..†Z###
##...#
#...)@..#
#.#.###
#.##.##.#
...#...#####
.O. #.#
.#.######.....#
#..# #.# ..
#####.# #.#
....#). #.. .
#.# ... ### #.#
###...#######
#.$ #.....<.[(
#.########


You could see a hornet zombie.

Vanquished Creatures
  An ogre (D:4)
  A crocodile (Sewer)
  5 killer bees (D:4)
  Robin (D:3)
  5 adders
  4 worms
  3 dart slugs (D:1)
  5 leopard geckos
  4 orcs (D:3)
  6 bats
  3 giant cockroaches
  14 goblins
  12 hobgoblins
  2 jackals (Sewer)
  2 quokkas
  6 frilled lizards
  7 kobolds
  6 rats
87 creatures vanquished.

Notes
Turn   | Place    | Note
-------+----------+-------------------------------------------
     0 | D:1      | Fang the Gargoyle Berserker began the quest for the Orb.
     0 | D:1      | Reached XP level 1. HP: 14/14 MP: 1/1
   179 | D:1      | Reached XP level 2. HP: 19/19 MP: 2/2
   187 | D:1      | Reached skill level 3 in Axes
   519 | D:1      | Reached XP level 3. HP: 19/23 MP: 3/3
   625 | D:1      | Reached ** piety under Trog
   905 | D:2      | Reached XP level 4. HP: 27/29 MP: 4/4
   937 | D:2      | Found a sparkling altar of Nemelex Xobeh.
   938 | D:2      | Found a sacrificial altar of Ru.
   940 | D:2      | Found a glowing golden altar of the Shining One.
   943 | D:2      | Found a white marble altar of Elyvilon.
  1085 | D:2      | Found an opulent altar of Gozag.
  1117 | D:2      | Reached skill level 1 in Stealth
  1524 | D:3      | Found a hazy altar of Hepliaklqana.
  1534 | D:3      | Noticed Robin
  1539 | D:3      | Reached skill level 4 in Axes
  1540 | D:3      | Reached XP level 5. HP: 33/33 MP: 5/5
  1547 | D:3      | Killed Robin
  1767 | D:3      | Found a glowing drain.
  1773 | Sewer    | Entered a sewer
  1789 | Sewer    | Reached *** piety under Trog
  1828 | Sewer    | Noticed a crocodile
  1835 | Sewer    | Killed a crocodile
  1835 | Sewer    | Reached XP level 6. HP: 38/38 MP: 6/6
  2123 | D:3      | Found an ornate altar of the Wu Jian Council.
  2188 | D:4      | Reached skill level 5 in Axes
  2196 | D:4      | Reached XP level 7. HP: 22/44 MP: 7/7
  2201 | D:4      | Slain by a hornet zombie

Skill      XL: |  1  2  3  4  5  6  7 |
---------------+----------------------+-----
Axes           | 3 4 5 |  5.6
Dodging        | 2 3 |  3.0
Fighting       | 4 |  4.8
Stealth        | 1 2 |  2.3
Armour         | |  2.2

Action                   |  1- 3 |  4- 6 |  7- 9 || total
-------------------------+-------+-------+-------++-------
Melee: Hand axe          |    73 |    89 |     4 ||   166
Invok: Berserk           |       |     3 |       ||     3
 Stab: Sleeping          |     2 |     3 |       ||     5
  Eat: Chunk             |       |     6 |       ||     6
Armor: Animal skin       |    33 |    50 |     1 ||    84
Dodge: Dodged            |    48 |    77 |     3 ||   128
